 Dungeon Crawl Stone Soup version 0.31-a0-37-g98a128e1d9 (webtiles) character file.

Game seed: 13675240759336746966

27376 pokeman the Eclecticist (level 13, -21/68 HPs)
             Began as a Deep Elf Hedge Wizard on May 13, 2023.
             Was an Elder of Vehumet.
             Killed from afar by Roxanne (51 damage)
             ... with a crystal spear
             ... on level 14 of the Dungeon on May 14, 2023.
             The game lasted 00:46:58 (17959 turns).

pokeman the Eclecticist (Deep Elf Hedge Wizard)    Turns: 17959, Time: 00:46:59

Health: -21/68     AC: 20    Str:  7    XL:     13   Next: 4%
Magic:  11/46      EV: 11    Int: 35    God:    Vehumet [****..]
Gold:   378        SH: 11    Dex: 17    Spells: 24/48 levels left

rFire   . . .        G - +10 dagger "Edomuyhu" {speed, MP+9 Int+5 Dex+3}
rCold   . . .        Y - +0 buckler
rNeg    . . .        P - +2 acid dragon scales
rPois   +            R - +3 crown of Dyrovepreva {rElec Int+2 SInv}
rElec   +            v - +2 cloak
rCorr   +            B - +0 pair of gloves
SInv    +            (no boots)
Will    +....        p - amulet of reflection
Stlth   ++           S - ring "Keocwakk" {Fly rPois Int+3 Slay+3}
HPRegen 0.31/turn    y - +4 ring of protection
MPRegen 0.30/turn

%: reflection
@: flying
A: no striking features
a: Renounce Religion


You were on level 14 of the Dungeon.
You worshipped Vehumet.
Vehumet was greatly pleased with you.
You visited 2 branches of the dungeon, and saw 15 of its levels.
You also visited: Bailey.

You collected 919 gold pieces.
You spent 541 gold pieces at shops.

Inventory:

Hand Weapons
 G - the +10 dagger "Edomuyhu" (weapon) {speed, MP+9 Int+5 Dex+3}
   (You found it on level 4 of the Dungeon)

   Int:       It affects your intelligence (+5).
   Dex:       It affects your dexterity (+3).
   MP:        It affects your magic capacity (+9).
Missiles
 i - 5 curare-tipped darts
Armour
 v - a +2 cloak (worn)
 w - a +1 robe of cold resistance
 B - a +0 pair of gloves (worn)
 O - the +1 cloak of Exoprybb {Fly Dex+2}
   (You bought it in a shop on level 13 of the Dungeon)

   Dex:       It affects your dexterity (+2).
   Fly:       It grants you flight.
 P - +2 acid dragon scales (worn)
 R - the +3 crown of Dyrovepreva (worn) {rElec Int+2 SInv}
   (You found it in a bailey)

   Int:       It affects your intelligence (+2).
   rElec:     It insulates you from electricity.
   SInv:      It lets you see invisible.
 T - a +2 robe of fire resistance
 Y - a +0 buckler (worn)
Magical Staves
 D - a staff of fire
Jewellery
 a - a ring of willpower
 c - a ring of ice
 f - an amulet of faith
 g - an amulet of guardian spirit
 m - the ring of Fatigue {Drain rF+++ Str+6 Int-2 SInv}
   (You found it on level 10 of the Dungeon)

   [ring of strength]

   Str:       It affects your strength (+6).
   Int:       It affects your intelligence (-2).
   rF:        It renders you almost immune to fire.
   SInv:      It lets you see invisible.
   Drain:     It drains your maximum health when unequipped.
 o - a +6 ring of dexterity
 p - an amulet of reflection (around neck)
 y - a +4 ring of protection (right hand)
 H - a ring of protection from cold
 S - the ring "Keocwakk" (left hand) {Fly rPois Int+3 Slay+3}
   (You found it in a bailey)

   [ring of flight]

   Int:       It affects your intelligence (+3).
   Slay:      It affects your accuracy & damage with ranged weapons and melee
   (+3).
   rPois:     It protects you from poison.
   Fly:       It grants you flight.
Wands
 h - a wand of roots (16)
 j - a wand of digging (4)
 J - a wand of charming (8)
 X - a wand of polymorph (8)
Scrolls
 e - 8 scrolls of teleportation
 n - 4 scrolls of blinking
 s - 3 scrolls of magic mapping
 t - a scroll of identify
 C - a scroll of butterflies {unknown}
 E - 2 scrolls of brand weapon {unknown}
 F - 4 scrolls of fear {unknown}
 N - a scroll of fog
Potions
 b - 7 potions of haste
 d - 3 potions of magic
 k - 10 potions of curing
 l - 5 potions of attraction {unknown}
 r - 2 potions of flight {unknown}
 u - 2 potions of lignification {unknown}
 x - 2 potions of invisibility {unknown}
 z - 2 potions of brilliance {unknown}
 A - 3 potions of degeneration {unknown}
 I - 4 potions of cancellation {unknown}
 K - a potion of berserk rage {unknown}
 L - 2 potions of mutation {unknown}
 M - 6 potions of heal wounds
 Q - 3 potions of might {unknown}
 V - a potion of ambrosia {unknown}
 W - a potion of resistance {unknown}
Miscellaneous
 q - a lightning rod (4/4)


   Skills:
 - Level 3.0 Fighting
 + Level 3.9 Armour
 - Level 3.0 Dodging
 - Level 3.0 Stealth
 - Level 6.0 Shields
 * Level 18.0 Spellcasting
 + Level 11.7 Conjurations
 - Level 1.1 Summonings
 - Level 2.1 Necromancy
 - Level 1.1 Translocations
 + Level 10.2 Fire Magic
 - Level 1.0 Air Magic
 - Level 1.1 Earth Magic
 - Level 1.3 Poison Magic
 - Level 1.1 Evocations


You had 24 spell levels left.
You knew the following spells:

 Your Spells              Type           Power      Damage    Failure   Level
a - Magic Dart            Conj           100%       1d8       0%          1
b - Mephitic Cloud        Conj/Pois/Air  59%        N/A       1%          3
c - Call Imp              Summ           78%        N/A       2%          2
d - Blink                 Tloc           78%        N/A       2%          2
e - Iskenderun's Mystic   Conj/Tloc      66%        2d14      1%          4
f - Starburst             Conj/Fire      41%        6d12      1%          6
g - Iron Shot             Conj/Erth      33%        9d7       9%          6

Your spell library contained the following spells:

 Spells                   Type           Power      Damage    Failure   Level
 Arcjolt                  Conj/Air       33%        1d43      1%          5
 Sandblast                Erth           78%        2d17      1%          1
 Dazzling Flash           Conj/Hex       100%       N/A       1%          3
 Volatile Blastmotes      Fire/Tloc      100%       2d18      1%          3
 Cigotuvi's Dreadful Rot  Necr/Pois/Air  84%        N/A       2%          2
 Lesser Beckoning         Tloc           78%        N/A       2%          2
 Frozen Ramparts          Ice            62%        1d10      2%          3
 Slow                     Hex            100%       N/A       3%          1
 Gell's Gravitas          Tloc           39%        N/A       5%          3
 Teleport Other           Tloc           39%        N/A       5%          3
 Leda's Liquefaction      Hex/Erth       17%        N/A       22%         4
 Petrify                  Tmut/Erth      35%        N/A       22%         4
 Summon Ice Beast         Ice/Summ       35%        N/A       24%         4
 Ice Form                 Ice/Tmut       31%        N/A       28%         4


Dungeon Overview and Level Annotations

Branches:
Dungeon (14/15)            Temple (1/1) D:7            Lair (0/5) D:8
    Orc (0/2) D:10         Bailey (visited)
 Vaults: D:13-14

Altars:
Ashenzari
Kikubaaqudgha
Trog
Vehumet
Wu Jian
Yredelemnul
Zin

Shops:
D:1 *   D:2 *   D:4 [[*(   D:8 (   D:10 :(   D:13 [

Annotations:
D:9 2 runed translucent doors, BlasphemerAmon's ghost, novice AtFi
D:14 Roxanne


Message History

Aiming: Iron Shot (quite dangerous; 9% risk of failure)
Press: ? - help, Shift-Dir - straight line, f/p - Roxanne
Aim: Roxanne (lightly damaged, 100% to hit)
The iron shot hits Roxanne!!
Roxanne is moderately damaged.
Roxanne mumbles some strange words.
You blink.
Found a stone staircase leading up.
Casting: Iron Shot (quite dangerous; 9% risk of failure)
Confirm with . or Enter, or press ? or * to list all spells.
The spell is quite dangerous to miscast (9% risk of failure)!
Continue anyway?
Aiming: Iron Shot (quite dangerous; 9% risk of failure)
Press: ? - help, Shift-Dir - straight line, f/p - Roxanne
Aim: Roxanne (moderately damaged, 100% to hit)
The iron shot hits Roxanne!!
Roxanne is heavily damaged.
Unknown command.
Casting: Iron Shot (quite dangerous; 9% risk of failure)
Confirm with . or Enter, or press ? or * to list all spells.
The spell is quite dangerous to miscast (9% risk of failure)!
Continue anyway?
Aiming: Iron Shot (quite dangerous; 9% risk of failure)
Press: ? - help, Shift-Dir - straight line, f/p - Roxanne
Aim: Roxanne (heavily damaged, 100% to hit)
The iron shot hits Roxanne!!
Roxanne is severely damaged.
Roxanne casts a spell.
The crystal spear hits you!!!
Ouch! That really hurt!
You hear a horrible gurgling sound! x2
Casting: Iron Shot (quite dangerous; 9% risk of failure)
Confirm with . or Enter, or press ? or * to list all spells.
The spell is quite dangerous to miscast (9% risk of failure)!
Continue anyway?
Aiming: Iron Shot (quite dangerous; 9% risk of failure)
Press: ? - help, Shift-Dir - straight line, f/p - Roxanne
Aim: Roxanne (severely damaged, 100% to hit)
The iron shot hits Roxanne!!
Roxanne is almost destroyed.
Roxanne casts a spell.
The crystal spear hits you!!!
Ouch! That really hurt!
You die...

#...<...#
#........
#.........#
##..........
#...........
#.........$.
#.8.........
#.@.........
#.=.........
##..<.......
#..........
#########.#


You could see Roxanne.

Vanquished Creatures
  The ghost of passusers the Cleaver, a journeyman MiBe of Trog (D:11)
  Fannar (D:12)
  Erica (D:8)
  4 two-headed ogres
  A tengu warrior (D:13)
  Sonja (D:10)
  8 skeletal warriors
  The ghost of Juicyj the Trooper, a novice MiFi (D:5)
  A deep elf pyromancer (D:12)
  3 cyclopes
  3 manticores (D:12)
  Maurice (D:13)
  A black mamba (shapeshifter) (D:13)
  3 gargoyles
  Maggie (D:7)
  A kobold demonologist (D:11)
  An unseen horror (D:12)
  A hornet (D:10)
  Grinder (D:3)
  Sigmund (D:2)
  A shadow (D:7)
  A centaur simulacrum (D:13)
  5 wraiths
  2 vampires
  A ynoxinul (D:11)
  10 yaks
  3 vampire mosquitoes (D:12)
  Grum (D:8)
  A steam dragon (D:7)
  5 acid dragons
  2 water moccasins
  Duvessa (D:7)
  2 ice beasts
  5 sky beasts
  4 orc warriors
  6 ogres
  4 wolves (D:8)
  2 phantoms (D:6)
  7 centaurs
  3 kobold brigands
  A bullfrog (D:9)
  A gnoll sergeant (D:10)
  2 scorpions (D:6)
  15 wights
  Dowan (D:7)
  18 killer bees
  7 wolf zombies (Bailey)
  8 vampire bats (Bailey)
  6 electric eels (D:11)
  5 howler monkeys
  4 jellies
  7 hounds
  2 sleepcaps
  7 orc priests
  A gnoll bouda (D:4)
  4 iguanas (D:5)
  6 orc wizards
  Natasha (thrice) (D:2)
  36 gnolls
  5 adders
  A white imp (D:7)
  2 worms (D:3)
  2 dart slugs
  54 orcs
  11 ball pythons
  8 endoplasms
  3 giant cockroaches
  9 goblins
  11 hobgoblins
  19 jackals
  6 quokkas
  8 bats
  6 frilled lizards
  15 kobolds
  19 orc zombies (Bailey)
  7 rats
422 creatures vanquished.

Vanquished Creatures (collateral kills)
  A steam dragon (D:7)
  A killer bee (D:7)
2 creatures vanquished.

Grand Total: 424 creatures vanquished

Notes
Turn   | Place    | Note
-------+----------+-------------------------------------------
     0 | D:1      | pokeman the Deep Elf Hedge Wizard began the quest for the
                  | Orb.
     0 | D:1      | Reached XP level 1. HP: 10/10 MP: 7/7
    73 | D:1      | Found Lojah's Assorted Antiques.
    82 | D:1      | Found a faded altar of an unknown god.
   243 | D:1      | Reached XP level 2. HP: 15/15 MP: 6/9
   681 | D:1      | Reached skill level 5 in Spellcasting
   845 | D:1      | Reached XP level 3. HP: 20/20 MP: 9/11
   849 | D:1      | Learned a level 3 spell: Mephitic Cloud
   852 | D:1      | Learned a level 2 spell: Call Imp
   855 | D:1      | Learned a level 2 spell: Blink
  1601 | D:2      | Reached skill level 1 in Armour
  1910 | D:2      | Reached skill level 1 in Fighting
  1965 | D:2      | Noticed Sigmund
  1991 | D:2      | Killed Sigmund
  1992 | D:2      | Reached skill level 5 in Conjurations
  1992 | D:2      | Reached XP level 4. HP: 23/25 MP: 4/13
  1992 | D:2      | Reached XP level 5. HP: 26/29 MP: 4/14
  2106 | D:2      | Found Paren's Assorted Antiques.
  2597 | D:2      | Noticed Natasha
  2608 | D:2      | Killed Natasha
  2609 | D:2      | Reached XP level 6. HP: 29/34 MP: 8/16
  2878 | D:2      | Noticed Natasha
  2885 | D:2      | Killed Natasha
  3198 | D:2      | Noticed Natasha
  3209 | D:2      | Killed Natasha
  3309 | D:3      | Reached skill level 6 in Spellcasting
  3814 | D:3      | Noticed Grinder
  3838 | D:3      | Killed Grinder
  3839 | D:3      | Reached skill level 1 in Necromancy
  3839 | D:3      | Reached skill level 1 in Air Magic
  3839 | D:3      | Reached skill level 1 in Poison Magic
  3839 | D:3      | Reached skill level 1 in Evocations
  3839 | D:3      | Reached XP level 7. HP: 38/38 MP: 4/18
  3988 | D:3      | Found a bloodstained altar of Trog.
  4035 | D:3      | Learned a level 4 spell: Iskenderun's Mystic Blast
  4042 | D:3      | Learned a level 6 spell: Starburst
  4477 | D:4      | Found Qadon's Weapon Shop.
  4836 | D:4      | Found Ysomarghy's Assorted Antiques.
  4875 | D:4      | Reached skill level 7 in Spellcasting
  5077 | D:4      | Found Zemo's Antique Armour Emporium.
  5282 | D:4      | Identified the +10 dagger "Edomuyhu" {speed, MP+9 Int+5
                  | Dex+3}
  5391 | D:4      | Reached skill level 1 in Shields
  5510 | D:4      | Found Elyesim's Antique Armour Emporium.
  5663 | D:4      | Found a basalt altar of Yredelemnul.
  5726 | D:4      | Reached skill level 1 in Fire Magic
  5991 | D:5      | Entered Level 5 of the Dungeon
  6135 | D:5      | Reached skill level 8 in Spellcasting
  6135 | D:5      | Reached XP level 8. HP: 33/43 MP: 22/22
  6510 | D:5      | Identified the +1 robe of Reason {Dex+6}
  6829 | D:5      | Reached skill level 9 in Spellcasting
  7482 | D:5      | Found a transporter.
  7482 | D:5      | Noticed Juicyj's ghost (novice MiFi)
  7503 | D:5      | Identified the +5 giant spiked club of Xofoiduw {antimagic,
                  | Will+ Str+2 Dex+3}
  7507 | D:5      | Found a transporter.
  8228 | D:6      | Reached skill level 10 in Spellcasting
  8243 | D:6      | Reached XP level 9. HP: 47/47 MP: 25/25
  8616 | D:6      | Found a broken altar of Ashenzari.
  8616 | D:6      | Found a glowing silver altar of Zin.
  8911 | D:1      | Bought a scroll labelled BOMIUJASCHI for 24 gold pieces
  8911 | D:1      | Bought a scroll labelled YHYHIYTTAGUX for 24 gold pieces
  8911 | D:1      | Bought a scroll labelled SEMIOM XALE for 24 gold pieces
  8942 | D:2      | Bought a metallic ruby potion for 17 gold pieces
  8942 | D:2      | Bought a sedimented pink potion for 17 gold pieces
  8942 | D:2      | Bought a scroll labelled YHYHIYTTAGUX for 19 gold pieces
  8942 | D:2      | Bought a scroll labelled YHYHIYTTAGUX for 19 gold pieces
  8942 | D:2      | Bought a sedimented pink potion for 17 gold pieces
  8942 | D:2      | Bought a potion of heal wounds for 95 gold pieces
  9224 | D:7      | Reached skill level 11 in Spellcasting
  9404 | D:7      | Found a staircase to the Ecumenical Temple.
  9413 | Temple   | Entered the Ecumenical Temple
  9422 | Temple   | Became a worshipper of Vehumet
  9461 | D:7      | Noticed Duvessa
  9469 | D:7      | Noticed Dowan
  9475 | D:7      | Killed Duvessa
  9502 | D:7      | Killed Dowan
  9515 | D:7      | Reached skill level 5 in Fire Magic
  9530 | D:7      | Noticed Maggie
  9669 | D:7      | Killed Maggie
  9669 | D:7      | Reached * piety under Vehumet
  9669 | D:7      | Offered knowledge of Sandblast by Vehumet.
  9670 | D:7      | Reached skill level 12 in Spellcasting
  9751 | D:7      | You fall into a shaft and drop 1 floor!
  9792 | D:8      | Reached XP level 10. HP: 56/56 MP: 28/28
  9854 | D:8      | Noticed Erica
  9878 | D:8      | Killed Erica
  9910 | D:8      | Found a flagged portal.
  9915 | Bailey   | Entered a bailey
 10441 | Bailey   | Offered knowledge of Momentum Strike by Vehumet.
 10454 | Bailey   | Reached ** piety under Vehumet
 10639 | Bailey   | Reached skill level 13 in Spellcasting
 10707 | Bailey   | Noticed a gargoyle
 10720 | Bailey   | Killed a gargoyle
 10835 | Bailey   | Found the +3 crown of Dyrovepreva {rElec Int+2 SInv}
 10866 | Bailey   | Identified the ring "Keocwakk" {Fly rPois Int+3 Slay+3}
 10970 | Bailey   | Identified the +1 scale mail of Etsareitt {Harm rElec SInv}
 11672 | D:8      | Found Loudgh's Weapon Boutique.
 11730 | D:8      | Offered knowledge of Hailstorm by Vehumet.
 11732 | D:8      | Noticed Grum
 11736 | D:8      | Killed Grum
 11931 | D:8      | Found a staircase to the Lair.
 12136 | D:9      | Reached *** piety under Vehumet
 12148 | D:9      | Reached skill level 14 in Spellcasting
 12148 | D:9      | Reached XP level 11. HP: 54/60 MP: 26/31
 12471 | D:9      | Found a large runed translucent door.
 12472 | D:9      | Found a large runed translucent door.
 13032 | D:9      | Noticed BlasphemerAmon's ghost (novice AtFi)
 13184 | D:5      | Killed Juicyj's ghost
 13185 | D:5      | Offered knowledge of Ignite Poison by Vehumet.
 13490 | D:10     | Entered Level 10 of the Dungeon
 13509 | D:10     | Noticed a two-headed ogre
 13514 | D:10     | Killed a two-headed ogre
 13678 | D:10     | Noticed Sonja
 13680 | D:10     | Killed Sonja
 13681 | D:10     | Reached skill level 15 in Spellcasting
 13751 | D:10     | Found Past's Weapon Emporium.
 13789 | D:10     | Found a staircase to the Orcish Mines.
 13849 | D:10     | Identified the ring of Fatigue {Drain rF+++ Str+6 Int-2
                  | SInv}
 13935 | D:10     | Found Cooren's Book Boutique.
 13940 | D:10     | Reached skill level 10 in Conjurations
 14346 | D:10     | Reached **** piety under Vehumet
 14495 | D:11     | Noticed a two-headed ogre
 14495 | D:11     | Noticed a skeletal warrior
 14497 | D:11     | Noticed a skeletal warrior
 14498 | D:11     | Noticed a skeletal warrior
 14499 | D:11     | Killed a skeletal warrior
 14502 | D:11     | Killed a two-headed ogre
 14509 | D:11     | Killed a skeletal warrior
 14519 | D:11     | Killed a skeletal warrior
 14520 | D:11     | Reached skill level 5 in Shields
 14713 | D:11     | Reached skill level 16 in Spellcasting
 14716 | D:11     | Reached XP level 12. HP: 64/64 MP: 28/34
 14717 | D:11     | Offered knowledge of Arcjolt by Vehumet.
 15172 | D:11     | Found a runed translucent door.
 15176 | D:11     | Noticed passusers's ghost (journeyman MiBe)
 15641 | D:11     | Killed passusers's ghost
 15752 | D:11     | Got the Anthology of the Crater
 15760 | D:11     | Learned a level 6 spell: Iron Shot
 15760 | D:11     | Upgraded the game from 0.31-a0-23-gcbde74481b to
                  | 0.31-a0-37-g98a128e1d9
 15871 | D:12     | Reached skill level 1 in Earth Magic
 15922 | D:12     | Noticed Fannar
 15931 | D:12     | Killed Fannar
 16312 | D:12     | Noticed a two-headed ogre
 16316 | D:12     | Killed a two-headed ogre
 16317 | D:12     | Reached skill level 17 in Spellcasting
 16797 | D:12     | Noticed a two-headed ogre
 16800 | D:12     | Killed a two-headed ogre
 17019 | D:13     | Noticed Maurice
 17023 | D:13     | Killed Maurice
 17165 | D:13     | Noticed a tengu warrior
 17169 | D:13     | Killed a tengu warrior
 17170 | D:13     | Reached skill level 10 in Fire Magic
 17441 | D:13     | Reached XP level 13. HP: 53/68 MP: 10/36
 17462 | D:13     | Reached skill level 18 in Spellcasting
 17828 | D:13     | Found Fodimom's Antique Armour Shop.
 17833 | D:13     | Bought a heavily runed cloak for 285 gold pieces
 17833 | D:13     | Identified the +1 cloak of Exoprybb {Fly Dex+2} (You bought
                  | it in a shop on level 13 of the Dungeon)
 17953 | D:14     | Identified Roxanne's Tractate on the Mesa
 17953 | D:14     | Noticed Roxanne
 17959 | D:14     | Killed from afar by Roxanne

Illustrated notes

Levels and vault maps discovered:
D:1:      tarquinn_simple_flora_water_a, layout_loops_ring, serial_shops,
          shop_fountains, hellmonk_ecumenical_altar_blasted
D:2:      layout_loops_corners, serial_shops, nicolae_square_shop, uniq_natasha,
          uniq_sigmund
D:3:      layout_loops_ring, overflow_temple_1_default,
          kennysheep_generic_room_11, uniq_grinder
D:4:      layout_cave_pods, kennysheep_mini, serial_shops,
          nicolae_shop_hallway_plus, shop, nicolae_shop_real_fake_doors, shop
D:5:      lemuel_castle_with_subvaults [lemuel_castle_interior_carwin_3],
          layout_loops_cross, gammafunk_ghost_smash
D:6:      layout_cave_pools, gammafunk_temple_overflow_wave
D:7:      layout_basic, minmay_temple_entry_waves, uniq_maggie, uniq_duvessa
D:8:      layout_rooms, lair_entry_dummy, enter_bailey_3, serial_shops, shop,
          uniq_erica, uniq_grum
D:9:      layout_irregular_city, ebering_ghost_disaster_area
D:10:     layout_basic, orc_0_dummy, serial_shops, nicolae_shop_window_shopping,
          shop, kennysheep_generic_room_12, uniq_sonja
D:11:     layout_basic, hellmonk_ghost_big_iron, nicolae_elevator_lobby_asterisk
D:12:     layout_irregular_city, uniq_fannar
D:13:     layout_loops_ring, serial_shops, nicolae_shop_pleasant_corner_grove,
          nicolae_titane, uniq_maurice
D:14:     layout_small_grid, ximxim_vaults_locker_room, serial_bayou,
          serial_bayou_ford_a, serial_bayou_shore_a, serial_bayou_pond_e,
          serial_bayou_lagoon_b, grunt_decor_arrowhead, uniq_josephine,
          uniq_roxanne
Temple:   nicolae_temple_bog_church

Skill      XL: |  1  2  3  4  5  6  7  8  9 10 11 12 13 |
---------------+----------------------------------------+-----
Spellcasting   | 5 6 8 10 12 14 16 17 18 | 18.0
Armour         | 1 2 3 |  3.9
Conjurations   | 5 6 7 8 9 10 11 | 11.7
Fighting       | 1 3 |  3.0
Stealth        | 3 |  3.0
Dodging        | 3 |  3.0
Necromancy     | 1 2 |  2.1
Air Magic      | 1 |  1.0
Poison Magic   | 1 |  1.3
Evocations     | 1 |  1.1
Shields        | 1 2 3 5 6 |  6.0
Fire Magic     | 1 3 5 7 8 10 | 10.2
Earth Magic    | 1 |  1.1
Summonings     | |  1.1
Translocations | |  1.1

Action                     |  1- 3 |  4- 6 |  7- 9 | 10-12 | 13-15 || total
---------------------------+-------+-------+-------+-------+-------++-------
  Melee: Dagger            |    23 |    15 |   116 |    50 |       ||   204
         Punch             |       |       |     6 |       |       ||     6
   Cast: Magic Dart        |   106 |    94 |   404 |   189 |       ||   793
         Mephitic Cloud    |     3 |     5 |    40 |    18 |       ||    66
         Call Imp          |       |     2 |     4 |       |       ||     6
         Blink             |       |       |     3 |       |       ||     3
         Iskenderun's Myst |       |       |    12 |    29 |     1 ||    42
         Starburst         |       |       |       |   114 |     1 ||   115
         Iron Shot         |       |       |       |       |     8 ||     8
  Evoke: Wand              |       |       |       |     1 |       ||     1
    Use: Scroll            |       |       |       |    12 |       ||    12
   Stab: Confused          |     3 |     4 |    16 |     8 |       ||    31
         Sleeping          |     1 |       |       |       |       ||     1
 Armour: Robe              |     8 |       |    43 |    20 |       ||    71
         Acid dragon scale |       |       |       |    20 |       ||    20
  Dodge: Dodged            |    17 |    11 |    83 |    54 |       ||   165
  Block: Other             |     2 |       |    19 |    19 |       ||    40
         Reflection        |       |       |     2 |     4 |       ||     6
         Buckler           |       |       |       |    16 |       ||    16

Table legend: (Time is in decaauts)
 A = Elapsed time spent in this place.
 B = Non-inter-level travel time spent in this place.
 C = Inter-level travel time spent in this place.
 D = Time resting spent in this place.
 E = Time spent auto-exploring this place.
 F = Levels seen in this place.
 G = Mean time per level.
                   A        B        C        D        E       F      G
               +--------+--------+--------+--------+--------+-----+--------+
         Total |  17927 |  16839 |   1088 |    460 |  13369 |  16 | 1120.4 |
       Dungeon |  16711 |  15633 |   1078 |    327 |  12654 |  14 | 1193.6 |
        Temple |    123 |    114 |      9 |     68 |      3 |   1 |  123.0 |
        Bailey |   1092 |   1092 |      0 |     65 |    712 |   1 | 1092.0 |
               +--------+--------+--------+--------+--------+-----+--------+

Top non-repeatable levels by time:
     D:5: 2497 daAuts
     D:2: 1848 daAuts
     D:4: 1538 daAuts
     D:1: 1480 daAuts
     D:3: 1235 daAuts
    D:12: 1200 daAuts
    D:11: 1157 daAuts
    D:10: 1134 daAuts
     D:7: 1101 daAuts
  Bailey: 1092 daAuts
     D:9: 998 daAuts
    D:13: 967 daAuts
     D:6: 782 daAuts
     D:8: 762 daAuts
  Temple: 123 daAuts
